 Dungeon Crawl Stone Soup version 0.28.0-53-g5a82cb258f (webtiles) character file.

Game seed: 1484388279119981740

2724 Infinimo the Basher (level 9, -3/81 HPs)
             Began as a Minotaur Fighter on May 28, 2022.
             Killed from afar by a steam dragon (25 damage)
             ... with a ball of steam
             ... on level 6 of the Dungeon.
             The game lasted 00:05:47 (6570 turns).

Infinimo the Basher (Minotaur Fighter)              Turns: 6570, Time: 00:05:48

Health: -3/81      AC:  8    Str: 25    XL:     9   Next: 40%
Magic:  8/8        EV:  9    Int:  5    God:
Gold:   914        SH:  5    Dex: 10    Spells: 8/8 levels left

rFire   . . .      SeeInvis .   a - +1 flail
rCold   . . .      Faith    .   c - +0 buckler
rNeg    . . .      Spirit   .   b - +0 scale mail
rPois   .          Reflect  .   (helmet restricted)
rElec   .          Harm     .   (no cloak)
rCorr   .          Rampage  .   (no gloves)
Will    .....                   (no boots)
Stlth   ..........              (no amulet)
HPRegen 0.23/turn               (no ring)
MPRegen 0.11/turn               (no ring)

@: about to teleport, marked
A: horns 2, retaliatory headbutt
a: no special abilities


You were on level 6 of the Dungeon.
You visited 1 branch of the dungeon, and saw 6 of its levels.

You collected 974 gold pieces.
You spent 60 gold pieces at shops.

Inventory:

Hand Weapons
 a - a +1 flail (weapon)
Missiles
 m - 4 throwing nets (quivered)
Armour
 b - a +0 scale mail (worn)
 c - a +0 buckler (worn)
Jewellery
 p - a +6 ring of strength
Wands
 k - a wand of flame (26)
Scrolls
 q - a scroll of vulnerability {unknown}
 s - 2 scrolls of enchant weapon
 v - a scroll of holy word {unknown}
 w - a scroll of fog {unknown}
Potions
 e - 2 potions of heal wounds
 f - a potion of ambrosia
 g - 2 potions of degeneration
 h - a potion of berserk rage {unknown}
 i - 2 potions of resistance {unknown}
 l - a potion of haste {unknown}
 o - 4 potions of curing {unknown}
 t - a potion of attraction {unknown}


   Skills:
 + Level 7.8 Fighting
 * Level 10.1 Maces & Flails
 + Level 7.8 Armour
 + Level 7.9 Shields


You had 8 spell levels left.
You didn't know any spells.
Your spell library contained the following spells:

 Spells                   Type           Power      Damage    Failure   Level
 Confusing Touch          Hex            0%         N/A       99%         3
 Yara's Violent Unravell  Hex/Tmut       0%         3d3       100%        5
 Enfeeble                 Hex            0%         N/A       100%        7


Dungeon Overview and Level Annotations

Branches:
Dungeon (6/15)
 Temple: D:4-7

Altars:
Makhleb
Qazlal
Wu Jian
Xom

Shops:
D:6 *


Innate Abilities, Weirdness & Mutations

You have a pair of horns on your head.
You reflexively headbutt those who attack you in melee.


Message History

You sock something! Your headbutt misses something. Something hits you.
Something shocks you.
You sock something! Your headbutt misses something.
A sky beast appears from thin air!
Reactivating autopickup.
The sky beast hits you but does no damage.
You thump the sky beast!
You kill the sky beast!
Your Maces & Flails skill increases to level 10! 2 wights come into view.
Menkaure calls on the powers of darkness!
Your body is wracked with pain!
The jelly convulses!
Menkaure hits you!!
* * * LOW HITPOINT WARNING * * *
You sock Menkaure!
Menkaure is severely damaged.
Menkaure misses you.
You hit Menkaure but do no damage.
You headbutt Menkaure, but do no damage.
Menkaure is severely damaged.
Menkaure hits you but does no damage.
You sock Menkaure!
You destroy Menkaure!
You see here a +0 hunting sling.
The wight pulls the alarm!
The alarm trap emits a blaring wail!
A sentinel's mark forms upon you.
You hear an angry hiss.
You hear a shout!
A steam dragon comes into view.
Found 18 gold pieces.
A hound comes into view.
A bullfrog skeleton comes into view.
You feel a little less mighty now.
A centaur zombie comes into view.
As you read the scroll of teleportation, it crumbles to dust.
You feel strangely unstable.
An ufetubus comes into view.
The ufetubus moves out of view.
The wight completely misses you. The steam dragon breathes steam at you.
The ball of steam hits you!!
You die...

...).............
#####........##
##........## #.........##
###.####..∩##### .
..............##....
###.#####............ #.#
###.....#... ########.#
####.@###.... .
.........###...z.§§#.#....
.........##)...z##.DhZ..$.
..........(..#######Z.....
...........### <....
#....#.....# #5#.
..####.#.z###### ..
....#....#...... .
.##...##z..#####


You could see a steam dragon (catching breath), 2 wights, an ufetubus and a
bullfrog skeleton.

Vanquished Creatures
  Grinder (D:4)
  Sigmund (D:2)
  5 yaks
  Menkaure (D:6)
  Pargi (D:4)
  An ice beast (D:3)
  2 sky beasts
  A necrophage (D:4)
  A black bear (D:5)
  4 ogres
  A bullfrog zombie (D:5)
  A jelly (D:5)
  A centaur skeleton (D:3)
  An orc priest (D:3)
  Crazy Yiuf (D:4)
  A bullfrog skeleton (D:4)
  3 hounds (D:4)
  3 iron imps (D:3)
  2 iguanas (D:5)
  A killer bee zombie (D:5)
  A hound zombie (D:5)
  A hound skeleton (D:2)
  11 adders
  3 gnolls (D:4)
  3 worms
  3 dart slugs
  3 orcs
  5 endoplasms
  6 giant cockroaches
  3 goblins (D:1)
  3 hobgoblins
  7 jackals
  2 kobolds
  2 quokkas (D:1)
  11 ball pythons
  6 bats
  5 frilled lizards
  8 rats
116 creatures vanquished.

Vanquished Creatures (others)
  2 plants (D:5)
2 creatures vanquished.

Grand Total: 118 creatures vanquished

Notes
Turn   | Place    | Note
-------+----------+-------------------------------------------
     0 | D:1      | Infinimo the Minotaur Fighter began the quest for the Orb.
     0 | D:1      | Reached XP level 1. HP: 19/19 MP: 0/0
   173 | D:1      | Reached XP level 2. HP: 25/27 MP: 1/1
   275 | D:1      | Reached skill level 3 in Maces & Flails
   913 | D:2      | Reached XP level 3. HP: 33/33 MP: 2/2
   963 | D:2      | Noticed Sigmund
   974 | D:2      | Killed Sigmund
   975 | D:2      | Reached skill level 4 in Maces & Flails
   975 | D:2      | Reached XP level 4. HP: 29/41 MP: 3/3
   975 | D:2      | Reached XP level 5. HP: 33/47 MP: 4/4
  1223 | D:2      | Reached skill level 5 in Maces & Flails
  1752 | D:3      | Reached XP level 6. HP: 50/55 MP: 5/5
  1924 | D:3      | Reached skill level 5 in Fighting
  2143 | D:3      | Reached skill level 5 in Shields
  2294 | D:3      | Reached skill level 5 in Armour
  2311 | D:3      | Found a burning altar of Makhleb.
  2600 | D:3      | Noticed an ice beast
  2607 | D:3      | Killed an ice beast
  2608 | D:3      | Reached skill level 6 in Maces & Flails
  2608 | D:3      | Reached XP level 7. HP: 47/61 MP: 6/6
  3071 | D:4      | Noticed Pargi
  3073 | D:4      | Noticed Grinder
  3093 | D:4      | Killed Pargi
  3123 | D:4      | Killed Grinder
  3124 | D:4      | Reached skill level 7 in Maces & Flails
  3375 | D:4      | Reached XP level 8. HP: 65/70 MP: 7/7
  3894 | D:4      | Found a runed translucent door.
  3895 | D:4      | Noticed Crazy Yiuf
  4096 | D:4      | Killed Crazy Yiuf
  4153 | D:5      | Entered Level 5 of the Dungeon
  4209 | D:5      | Reached skill level 8 in Maces & Flails
  4292 | D:5      | Found a stormy altar of Qazlal.
  4753 | D:4      | Reached skill level 9 in Maces & Flails
  5025 | D:5      | Reached XP level 9. HP: 26/79 MP: 8/8
  6445 | D:6      | Found Raaviriv's Assorted Antiques.
  6454 | D:6      | Bought a scroll labelled SIMMACZIARU for 21 gold pieces
  6454 | D:6      | Bought a green potion for 18 gold pieces
  6454 | D:6      | Bought a scroll labelled QUSUOTU TUSU for 21 gold pieces
  6455 | D:6      | Identified a scroll of acquirement
  6455 | D:6      | Acquired 771 gold pieces
  6498 | D:6      | Found an ornate altar of the Wu Jian Council.
  6511 | D:6      | Found a shimmering altar of Xom.
  6527 | D:6      | Noticed Menkaure
  6537 | D:6      | Reached skill level 10 in Maces & Flails
  6540 | D:6      | Killed Menkaure
  6570 | D:6      | Killed from afar by a steam dragon

Illustrated notes

Levels and vault maps discovered:
D:1:      dpeg_arrival_rhombus, layout_basic
D:2:      layout_basic, st_stairs_9, kennysheep_another_room, uniq_sigmund
D:3:      layout_basic, demons_altar
D:4:      layout_loops_ring, uniq_grinder, uniq_pargi, uniq_crazy_yiuf_cottage
D:5:      layout_loops_corners, grunt_qazlal_sundering, serial_bayou_pond_a,
          saegor_snake_ambush
D:6:      layout_rooms, mainiacjoe_overflow_brackets,
          mainiacjoe_overflow_six_doors_small, overflow_temple_1_default,
          serial_shops, shop, uniq_menkaure

Skill      XL: |  1  2  3  4  5  6  7  8  9 |
---------------+----------------------------+-----
Maces & Flails | 3 4 5 6 7 9 10 | 10.1
Fighting       | 4 5 6 7 |  7.8
Shields        | 4 5 6 7 |  7.9
Armour         | 4 5 6 7 |  7.8

Action                   |  1- 3 |  4- 6 |  7- 9 || total
-------------------------+-------+-------+-------++-------
Melee: Flail             |    59 |   108 |   210 ||   377
       Headbutt          |     8 |    20 |    32 ||    60
  Use: Potion            |       |     1 |     1 ||     2
       Scroll            |       |       |    10 ||    10
Armor: Scale mail        |    23 |    34 |    66 ||   123
Dodge: Dodged            |    37 |    49 |    73 ||   159
Block: Buckler           |    17 |    18 |    49 ||    84
